 Dungeon Crawl Stone Soup version 0.19-a0-1169-g4149f68 (webtiles) character file.

130 Lindan9 the Grave Robber (level 4, -8/30 HPs)
             Began as a Vampire Necromancer on Aug 16, 2016.
             Mangled by a gnoll
             ... wielding a +0 flail
              (15 damage)
             ... on level 3 of the Dungeon.
             The game lasted 00:10:25 (3369 turns).

Lindan9 the Grave Robber (Vampire Necromancer)      Turns: 3369, Time: 00:10:25

Health: -8/30      AC:  2    Str:  7    XL:     4   Next: 89%
Magic:  5/9        EV: 15    Int: 18    God:
Gold:   81         SH:  0    Dex: 14    Spells: 3 memorised, 5 levels left

rFire  . . .     SeeInvis +     g - +0 dagger
rCold  . . .     Gourm    .     a - +0 robe
rNeg   + . .     Faith    .     (no shield)
rPois  .         Spirit   .     (no helmet)
rElec  .         Dismiss  +     (no cloak)
rCorr  .         Reflect  .     (no gloves)
MR     .....     Harm     .     (no boots)
Stlth  ++........               k - amulet of dismissal
                                (no ring)
                                h - +2 ring of evasion

@: no status effects
A: fangs 3, see invisible, unbreathing
a: Bat Form


You were on level 3 of the Dungeon.
You were not thirsty.

You visited 1 branch of the dungeon, and saw 3 of its levels.

You collected 81 gold pieces.

Inventory:

Hand Weapons
 g - a +0 dagger (weapon)
 m - a +1 flail of crushing
Armour
 a - a +0 robe (worn)
Jewellery
 h - a +2 ring of evasion (left hand)
 k - an amulet of dismissal (around neck)
Scrolls
 j - 2 scrolls of identify {unknown}
 l - a scroll of remove curse {unknown}
Potions
 c - 2 potions of blood
 d - 2 potions of flight {unknown}
 e - a potion of cancellation {unknown}
 f - 2 potions of lignification {unknown}
 i - a potion of magic {unknown}
Books
 b - a book of Necromancy

   Spells                             Type                      Level
   a - Pain                           Necromancy                   1
   b - Animate Skeleton               Necromancy                   1
   c - Vampiric Draining              Necromancy                   3
   d - Regeneration                   Charms/Necromancy            3
   e - Animate Dead                   Necromancy                   4
   f - Control Undead                 Necromancy                   4


   Skills:
 + Level 2.4 Dodging
 + Level 3.1 Stealth
 + Level 3.5 Spellcasting
 + Level 5.6 Necromancy


You had 5 spell levels left.
You knew the following spells:

 Your Spells              Type           Power        Failure   Level  Hunger
a - Pain                  Necr           ###.         1%          1    None
b - Animate Skeleton      Necr           N/A          1%          1    None
c - Vampiric Draining     Necr           ###.......   4%          3    ###....


Dungeon Overview and Level Annotations

Branches:
Dungeon (3/15)

Altars:
Hepliaklqana
Pakellas


Innate Abilities, Weirdness & Mutations

You have razor-sharp teeth.
You have supernaturally acute eyesight. (SInv)
You can survive without breathing.


Message History

Casting: Pain
Confirm with . or Enter, or press ? or * to list all spells.
Aiming: Pain
Press: ? - help, Shift-Dir - straight line, f - gnoll
Aim: a gnoll, wielding a flail (chance to defeat MR: 88%)
The gnoll writhes in agony!
Casting: Pain
Confirm with . or Enter, or press ? or * to list all spells.
Aiming: Pain
Press: ? - help, Shift-Dir - straight line, f/p - gnoll
Aim: a gnoll, wielding a flail (chance to defeat MR: 88%)
The gnoll writhes in agony!
The gnoll barely misses you.
Casting: Pain
Confirm with . or Enter, or press ? or * to list all spells.
Aiming: Pain
Press: ? - help, Shift-Dir - straight line, f/p - gnoll
Aim: a gnoll, wielding a flail (lightly wounded, chance to defeat MR: 88%)
The gnoll writhes in agony!
The gnoll hits you with a flail!
Ouch! That really hurt!
You die...

#.############
#>.)gg@.......
#####Z######## #.#
#.# #.#
##############.######
#<%(................#
##############.####.#
........#


You could see 2 gnolls and a friendly gnoll skeleton.

Vanquished Creatures
  2 gnolls (D:3)
  3 adders (D:2)
  A worm (D:2)
  3 dart slugs
  3 giant geckos
  7 bats
  3 giant cockroaches (D:2)
  4 goblins (D:1)
  11 hobgoblins
  A quokka (D:2)
  3 giant newts
  5 kobolds
  7 rats
53 creatures vanquished.

Vanquished Creatures (collateral kills)
  2 gnolls (D:3)
2 creatures vanquished.

Grand Total: 55 creatures vanquished

Notes
Turn   | Place    | Note
-------+----------+-------------------------------------------
     0 | D:1      | Lindan9 the Vampire Necromancer began the quest for the Orb.
     0 | D:1      | Reached XP level 1. HP: 13/13 MP: 3/3
   155 | D:1      | Reached XP level 2. HP: 7/19 MP: 0/5
   608 | D:1      | Reached skill level 5 in Necromancy
  1266 | D:1      | Learned a level 1 spell: Animate Skeleton
  1313 | D:1      | Reached XP level 3. HP: 19/24 MP: 2/6
  2231 | D:2      | Reached XP level 4. HP: 22/30 MP: 5/8
  2492 | D:2      | Found an oddly glowing altar of Pakellas.
  2696 | D:2      | Learned a level 3 spell: Vampiric Draining
  2771 | D:2      | Found a hazy altar of Hepliaklqana.
  3369 | D:3      | Mangled by a gnoll

Vault maps used:
D:1:      dpeg_arrival_rooms_b, minmay_misc_feat_square, serial_bayou_pond_e
D:2:      lemuel_coloured_pillars_altar, grunt_pakellas_sulfur
D:3:      okawaru_ov_weapons_minmay

Skill      XL: |  1  2  3 |
---------------+----------+-----
Necromancy     | 5 |  5.6
Spellcasting   | 3 |  3.5
Dodging        | |  2.4
Stealth        | |  3.1

Action                   |  1- 3 |  4- 6 || total
-------------------------+-------+-------++-------
Melee: Dagger            |    20 |    10 ||    30
       Bite              |       |     2 ||     2
 Cast: Pain              |    61 |    46 ||   107
       Animate Skeleton  |       |     1 ||     1
  Use: Scroll            |     2 |       ||     2
       Potion            |     2 |     2 ||     4
 Stab: Sleeping          |       |     1 ||     1
  Eat: Corpse            |     3 |     1 ||     4
Armor: Robe              |     6 |     1 ||     7
Dodge: Dodged            |    31 |    11 ||    42
